 Dungeon Crawl Stone Soup version 0.30.0-18-gc0e69614cb (webtiles) character file.

Game seed: 9797236767870447970

368 CaptainMV the Magician (level 6, -6/44 HPs)
             Began as a Demonspawn Wanderer on May 25, 2023.
             Mangled by Pikel
             ... wielding a +1 whip of flaming
              (7 damage)
             ... on level 4 of the Dungeon.
             The game lasted 00:26:08 (3072 turns).

CaptainMV the Magician (Demonspawn Wanderer)        Turns: 3072, Time: 00:26:09

Health: -6/44      AC:  4    Str: 11    XL:     6   Next: 41%
Magic:  5/15       EV: 12    Int: 17    God:
Gold:   106        SH:  0    Dex: 12    Spells: 7/17 levels left

rFire   . . .        a - +0 dagger (venom)
rCold   . . .        (no shield)
rNeg    . . .        e - +0 leather armour
rPois   .            (no helmet)
rElec   .            (no cloak)
rCorr   .            h - +0 pair of gloves
SInv    .            (no boots)
Will    .....        (no amulet)
Stlth   +            (no ring)
HPRegen 0.27/turn    (no ring)
MPRegen 0.14/turn

%: no passive effects
@: very slightly contaminated
A: demonic guardian 1, powered by death 1, demonic touch 1
a: no special abilities


You were on level 4 of the Dungeon.
You visited 1 branch of the dungeon, and saw 4 of its levels.
You also visited: Sewer.

You collected 106 gold pieces.

Inventory:

Hand Weapons
 a - a +0 dagger of venom (weapon)
 b - a +3 dagger
Missiles
 i - 5 poisoned darts (quivered)
 n - 3 throwing nets
 q - 5 boomerangs
 y - 3 javelins
Armour
 e - a +0 leather armour (worn)
 h - a +0 pair of gloves (worn)
Wands
 g - a wand of paralysis (17)
 v - a wand of polymorph (10)
Scrolls
 d - 3 scrolls of fear
 j - a scroll of immolation
 l - 2 scrolls of poison
 r - a scroll of fog {unknown}
 t - a scroll of teleportation {unknown}
 w - a scroll of torment {unknown}
 x - a scroll of amnesia {unknown}
Potions
 c - 2 potions of attraction
 f - 4 potions of curing
 k - a potion of berserk rage {unknown}
 m - 3 potions of brilliance
 o - a potion of flight {unknown}
 p - 2 potions of heal wounds {unknown}
 s - 2 potions of haste {unknown}
 u - a potion of might {unknown}


   Skills:
 + Level 2.2 Fighting
 + Level 2.1 Short Blades
 + Level 2.1 Armour
 + Level 3.9 Dodging
 + Level 0.7 Stealth
 + Level 6.0 Spellcasting
 + Level 1.0 Conjurations
 + Level 0.4 Transmutations
 + Level 0.5 Fire Magic
 + Level 0.4 Air Magic
 + Level 1.2 Poison Magic


You had 7 spell levels left.
You knew the following spells:

 Your Spells              Type           Power      Damage    Failure   Level
a - Kiss of Death         Conj/Necr      24%        2d7       14%         1
b - Shock                 Conj/Air       28%        1d4       12%         1
c - Cigotuvi's Dreadful   Necr/Pois/Air  14%        N/A       21%         2
d - Ignite Poison         Fire/Tmut/Pois 7%         N/A       36%         3
e - Tukima's Dance        Hex            5%         N/A       45%         3

Your spell library contained the following spells:

 Spells                   Type           Power      Damage    Failure   Level
 Apportation              Tloc           10%        N/A       17%         1
 Hailstorm                Conj/Ice       6%         3d4       38%         3
 Swiftness                Air            6%         N/A       38%         3
 Portal Projectile        Hex/Tloc       10%        N/A       45%         3
 Airstrike                Air            3%         2d(1-17)  80%         4
 Dispel Undead            Necr           5%         3d7       86%         4
 Summon Ice Beast         Ice/Summ       5%         N/A       86%         4
 Alistair's Intoxication  Tmut/Pois      4%         N/A       98%         5
 Blade Hands              Tmut           3%         N/A       98%         5
 Freezing Cloud           Conj/Ice/Air   3%         6-21      98%         5
 Summon Mana Viper        Hex/Summ       5%         N/A       99%         5
 Death Channel            Necr           2%         N/A       100%        6
 Monstrous Menagerie      Summ           2%         N/A       100%        7


Dungeon Overview and Level Annotations

Branches:
Dungeon (4/15)              Sewer (visited)
 Temple: D:4-7

Altars:
Ashenzari
Gozag
Hepliaklqana
Trog

Shops:
D:4 *

Annotations:
D:4 Pikel


Innate Abilities, Weirdness & Mutations

A weak demonic guardian rushes to your aid.
You regenerate a little health from kills.
Your touch may inflict minor irresistible damage on your foes.


Message History

Aim: Pikel, wielding a +1 whip of flaming and wearing a +0 robe (lightly wounded, 60% to hit)
The zap hits Pikel.
Pikel is lightly wounded.
You hear a shout! x2
The phantom misses you.
You barely miss Pikel.
Pikel is lightly wounded.
Pikel hits you with a +1 whip of flaming.
Pikel burns you. The phantom closely misses you.
You barely miss Pikel.
Pikel is lightly wounded.
Pikel hits you with a +1 whip of flaming.
Pikel burns you. The phantom misses you.
You closely miss Pikel. Your touch misses Pikel.
Pikel is lightly wounded.
The phantom closely misses you.
Pikel hits you with a +1 whip of flaming.
Pikel burns you.
You miss Pikel.
Pikel is lightly wounded.
The phantom hits you.
* * * LOW HITPOINT WARNING * * *
Pikel hits you with a +1 whip of flaming.
* * * LOW HITPOINT WARNING * * *
A demonic guardian appears!
Pikel burns you.
* * * LOW HITPOINT WARNING * * *
You feel better. The phantom hits you.
* * * LOW HITPOINT WARNING * * *
Pikel hits you with a +1 whip of flaming.
* * * LOW HITPOINT WARNING * * *
Pikel burns you.
* * * LOW HITPOINT WARNING * * *
Aiming: Paralyse
Press: ? - help, Q - select action, (/) - cycle Shift-Dir - straight line, f/p - Pikel
Aim: Pikel, wielding a +1 whip of flaming and wearing a +0 robe (lightly wounded, chance to affect: 49%) Pikel resists with some effort.
The phantom hits you.
* * * LOW HITPOINT WARNING * * *
Pikel hits you with a +1 whip of flaming!
You die...

... #..#
.....
.....#
....# .
...## .g
#.5# ..r
#@## ..5J
#WK##..5B.
##r5B.....
#.####.##
#.# #.##
##..### #≈
#.....#
#..≈
#.....#
#..≈


You could see Pikel, a lemure, a phantom (ally target), a quokka, a giant
cockroach and a friendly iron imp (summoned).

Vanquished Creatures
  An ogre (D:4)
  A wight (D:3)
  An iguana (D:4)
  5 gnolls
  11 adders
  A worm (D:3)
  A dart slug (D:3)
  6 endoplasms
  3 giant cockroaches
  2 hobgoblins
  2 quokkas
  16 ball pythons
  3 bats
  6 frilled lizards
  3 goblins
  9 kobolds
  11 rats
82 creatures vanquished.

Notes
Turn   | Place    | Note
-------+----------+-------------------------------------------
     0 | D:1      | CaptainMV the Demonspawn Wanderer began the quest for the
                  | Orb.
     0 | D:1      | CaptainMV set off with the following items: a +0 dagger, 3
                  | throwing nets, a potion of attraction, a scroll of fear, a
                  | +0 leather armour; and the following spell memorised: Kiss
                  | of Death; and the following spells available to memorise:
                  | Hailstorm.
     0 | D:1      | Reached XP level 1. HP: 15/15 MP: 6/6
   609 | D:1      | Learned a level 1 spell: Shock
   630 | D:1      | Gained mutation: You regenerate a little health from kills.
                  | [demonic ancestry]
   630 | D:1      | Reached XP level 2. HP: 18/19 MP: 0/8
  1013 | D:2      | Reached skill level 1 in Armour
  1205 | D:2      | Reached skill level 1 in Short Blades
  1205 | D:2      | Gained mutation: Your touch may inflict minor irresistible
                  | damage on your foes. [demonic ancestry]
  1205 | D:2      | Reached XP level 3. HP: 22/25 MP: 7/9
  1328 | D:2      | Learned a level 2 spell: Cigotuvi's Dreadful Rot
  1520 | D:2      | Learned a level 3 spell: Ignite Poison
  1863 | D:3      | Found a glowing drain.
  1867 | Sewer    | Entered a sewer
  1897 | Sewer    | Reached XP level 4. HP: 21/33 MP: 0/11
  2277 | D:3      | Found a large runed translucent door.
  2278 | D:3      | Found a large runed translucent door.
  2355 | D:3      | Found a broken altar of Ashenzari.
  2361 | D:3      | Found a hazy altar of Hepliaklqana.
  2368 | D:3      | Reached XP level 5. HP: 24/38 MP: 11/13
  2427 | D:3      | Reached skill level 1 in Poison Magic
  2726 | D:3      | Found a faded altar of an unknown god.
  2915 | D:4      | Gained mutation: A weak demonic guardian rushes to your
                  | aid. [demonic ancestry]
  2915 | D:4      | Reached XP level 6. HP: 40/44 MP: 5/14
  2967 | D:4      | Found an opulent altar of Gozag.
  2977 | D:4      | Found a bloodstained altar of Trog.
  3032 | D:4      | Found Lappuqet's Neck Hole.
  3054 | D:4      | Learned a level 3 spell: Tukima's Dance
  3056 | D:4      | Noticed Pikel
  3057 | D:4      | Reached skill level 1 in Conjurations
  3064 | D:4      | Reached skill level 6 in Spellcasting
  3072 | D:4      | HP: 1/44 [phantom (3)]
  3072 | D:4      | Mangled by Pikel

Illustrated notes

Levels and vault maps discovered:
D:1:      eino_arrival_tree_alley, layout_basic
D:2:      layout_loops_ring
D:3:      layout_loops_cross, nicolae_overflow_ecumenical_swirl,
          jmf_multi_god_temple2, gup_sewer_entry_spiral, due_unseen_surprise
D:4:      layout_basic, nicolae_overflow_squiral, serial_shops,
          kennysheep_mini_moat, minmay_hedge_maze,
          nicolae_shop_sticking_my_neck_out, uniq_ijyb, uniq_eustachio,
          uniq_pikel

Skill      XL: |  1  2  3  4  5  6 |
---------------+-------------------+-----
Armour         | 1 2 |  2.1
Short Blades   | 1 2 |  2.1
Poison Magic   | 1 |  1.2
Fighting       | 2 |  2.2
Conjurations   | 1 |  1.0
Spellcasting   | 6 |  6.0
Dodging        | |  3.9
Stealth        | |  0.7
Transmutations | |  0.4
Fire Magic     | |  0.5
Air Magic      | |  0.4

Action                     |  1- 3 |  4- 6 || total
---------------------------+-------+-------++-------
  Melee: Dagger            |   113 |    89 ||   202
         Touch             |     3 |    21 ||    24
         Punch             |       |     2 ||     2
   Cast: Shock             |    42 |    20 ||    62
         Kiss of Death     |     2 |       ||     2
         Ignite Poison     |     2 |     3 ||     5
         Cigotuvi's Dreadf |     1 |       ||     1
  Evoke: Wand              |       |     1 ||     1
    Use: Scroll            |     4 |     2 ||     6
         Potion            |       |     1 ||     1
   Stab: Sleeping          |       |     2 ||     2
 Armour: Leather armour    |    26 |    30 ||    56
  Dodge: Dodged            |    90 |    69 ||   159
